Map: 벨시르 잔재 (공허)

Players

Solar - Winner!

  • Race: Zerg Zerg
  • Spawn Location: 5:00

Ryung

  • Race: Terran Terran
  • Spawn Location: 11:00

Event: IEM XI Katowice - World Championship 2017

VOD

Have the link to the VOD?

Description

Time

  • Played on: March 2, 2017, 7:33 a.m.
  • Length: 13:59

All games in this series

Show
View Real Time Build Order
Export as new Build Order

Solar Zerg - Winner!

Build Orders: Hatch First, Muta Ling Bane 

Get SALT Encoding   

  12  0:01  Drone  
  13  0:12  Overlord  
  13  0:17  Drone  
  14  0:31  Drone x2  
  14  0:35  Drone  
  17  0:53  Hatchery  
  17  0:54  Drone  
  18  0:57  Drone  
  18  1:02  Extractor  
  17  1:12  Spawning Pool  
  17  1:15  Drone  
  17  1:18  Drone  
  18  1:28  Drone  
  19  1:39  Overlord  
  19  1:58  Queen  
  19  1:59  Zergling x2  
  19  2:00  Zergling x2  
  23  2:04  Metabolic Boost  
  23  2:05  Queen  
  23  2:07  Zergling x2  
  26  2:14  Drone  
  27  2:26  Hatchery  
  27  2:28  Drone  
  27  2:31  Drone  
  27  2:35  Drone  
  29  2:37  Drone  
  29  2:40  Drone  
  30  2:44  Drone  
  30  2:49  Drone  
  32  2:53  Overlord  
  32  2:58  Drone  
  33  3:08  Drone  
  33  3:12  Drone  
  35  3:16  Queen, Drone  
  35  3:17  Drone x3  
  35  3:18  Drone  
  42  3:21  Overlord  
  42  3:25  Drone  
  43  3:28  Drone  
  44  3:37  Overlord  
  44  3:38  Queen  
  44  3:40  Drone x2  
  48  3:45  Roach Warren  
  48  3:46  Zergling x2  
  48  3:50  Zergling x2  
  48  3:51  Drone x2  
  48  3:52  Drone  
  48  3:54  Drone  
  53  3:57  Overlord  
  53  4:00  Extractor  
  52  4:03  Drone x2  
  52  4:05  Overlord  
  54  4:10  Spore Crawler  
  54  4:13  Zergling x4  
  55  4:19  Queen  
  55  4:21  Zergling x4  
  59  4:25  Spore Crawler  
  59  4:26  Drone x3  
  58  4:32  Drone  
  58  4:34  Zergling x4  
  58  4:36  Zergling x2  
  61  4:47  Drone x4  
  61  4:50  Drone  
  61  4:51  Drone  
  67  4:53  Drone x2  
  67  4:57  Lair  
  69  5:03  Spore Crawler  
  69  5:05  Drone  
  69  5:07  Overlord  
  67  5:09  Overlord  
  67  5:10  Overlord  
  67  5:13  Overlord  
  66  5:16  Overlord  
  66  5:21  Drone x2  
  66  5:26  Drone  
  67  5:31  Evolution Chamber x2, Drone x3  
  67  5:32  Drone x2  
  67  5:33  Drone x2  
  67  5:34  Extractor  
  71  5:37  Drone x3  
  71  5:39  Drone  
  71  5:41  Drone  
  75  5:44  Drone x2  
  75  5:47  Drone  
  75  5:49  Extractor, Drone  
  78  5:52  Extractor x2  
  78  5:54  Drone  
  77  5:57  Spire  
  77  5:58  Drone x2  
  77  6:00  Drone x2  
  77  6:01  Glial Reconstitution  
  77  6:03  Zerg Missile Weapons Level 1  
  80  6:05  Zerg Ground Armor Level 1  
  80  6:07  Overlord  
  80  6:10  Overlord  
  80  6:15  Drone  
  81  6:19  Overlord  
  81  6:21  Roach x5  
  81  6:24  Overlord  
  91  6:32  Overlord  
  91  6:33  Drone  
  91  6:35  Roach  
  91  6:37  Roach  
  91  6:38  Roach  
  98  6:42  Roach x3  
  98  6:46  Roach x3  
  98  6:47  Roach x2  
  114  6:53  Overlord  
  113  6:59  Hatchery  
  111  7:01  Overlord  
  111  7:08  Overlord  
  111  7:14  Mutalisk x7  
  126  7:21  Mutalisk  
  126  7:24  Hatchery, Drone  
  126  7:25  Zergling x2, Drone  
  126  7:26  Zergling x8  
  126  7:27  Zergling x2, Baneling Nest  
  126  7:28  Zergling x2  
  132  7:35  Overseer  
  132  7:36  Drone x3  
  132  7:37  Drone  
  136  7:43  Drone x2  
  138  7:47  Overlord  
  138  7:54  Ravager  
  138  7:55  Zergling x8  
  139  8:01  Zerg Flyer Weapons Level 1, Zerg Ground Armor Level 2  
  139  8:02  Zerg Melee Weapons Level 1, Drone  
  139  8:03  Hatchery, Drone  
  140  8:10  Overlord  
  140  8:11  Zergling x10  
  145  8:14  Centrifical Hooks  
  145  8:16  Baneling x4  
  145  8:17  Baneling  
  145  8:18  Baneling  
  145  8:24  Zergling x10  
  150  8:30  Baneling x9  
  150  8:33  Zergling x6  
  153  8:40  Zergling x10  
  153  8:41  Zergling x4  
  157  8:45  Zergling x6  
  157  8:48  Zergling x6  
  161  8:50  Zergling x4  
  161  8:53  Overlord, Drone  
  164  8:56  Drone  
  164  8:57  Queen  
  164  9:01  Overlord  
  167  9:11  Overlord  
  167  9:12  Mutalisk x4  
  167  9:16  Overlord  
  167  9:17  Mutalisk x2  
  175  9:20  Mutalisk x2  
  175  9:23  Zergling x6  
  186  9:26  Zergling x6  
  186  9:29  Zergling x2  
  186  9:30  Zergling x2  
  190  9:35  Baneling x10  
  190  9:37  Zergling x8  
  194  9:49  Zergling x12  
  199  9:56  Zerg Melee Weapons Level 2  
  199  9:58  Baneling  
  199  9:59  Baneling x5  
  199  10:03  Zergling x4  
  199  10:06  Hatchery, Pneumatized Carapace  
  198  10:18  Zerg Flyer Armor Level 1  
  198  10:24  Infestation Pit  
  195  10:34  Roach  
  155  10:36  Zergling x24  
  155  10:38  Zergling x10, Hatchery  
  155  10:40  Zergling x20  
  155  10:42  Zergling x8  
  167  10:45  Mutalisk x2  
  167  10:47  Zergling x2  
  172  10:50  Ravager  
  172  10:51  Zergling x4  
  172  10:55  Ravager  
  172  10:56  Baneling x2  
  175  10:59  Mutalisk x4  
  175  11:00  Zergling x2  
  175  11:01  Zergling x8  
  175  11:03  Mutalisk  
  173  11:05  Zergling x8  
  159  11:13  Mutalisk  
  159  11:15  Zergling x8  
  161  11:19  Zergling x6  
  161  11:20  Ravager  
  161  11:23  Baneling  
  161  11:24  Baneling x5  
  165  11:26  Zergling x6  
  165  11:27  Zergling x4  
  165  11:30  Baneling x4  
  170  11:33  Zergling x10  
  170  11:35  Baneling x3  
  170  11:37  Overlord x2  
  175  11:40  Zergling x2  
  175  11:45  Zergling x2  
  175  11:46  Zergling x4  
  179  11:48  Overlord  
  179  11:53  Zergling x6  
  179  11:54  Zergling x10, Baneling  
  187  11:55  Baneling x7  
  187  11:57  Zergling x4  
  187  12:03  Zergling x2  
  187  12:04  Zergling x12  
  194  12:11  Zergling x2  
  194  12:12  Zergling x8  
  194  12:15  Hive  
  199  12:16  Baneling  
  199  12:17  Baneling x4  
  199  12:20  Zergling x2  
  199  12:26  Zergling x4  
  199  12:29  Zergling x16  
  199  12:35  Zergling x14  
  196  12:48  Zergling x6  
  196  12:49  Zergling x4  
  196  12:50  Baneling  
  196  12:51  Baneling x13  
  180  12:58  Zergling x12  
  180  13:01  Zergling x12  
  180  13:05  Baneling  
  178  13:06  Baneling x13  
  178  13:07  Baneling x2  
  178  13:10  Zergling x8  
  182  13:15  Ravager x2  
  182  13:17  Zergling x10  
  189  13:22  Baneling x5  
  189  13:23  Baneling  
  189  13:24  Zergling x8  
  193  13:33  Zergling x2, Ultralisk Cavern  
  184  13:36  Zergling x6  
  184  13:37  Zergling x4  
Show
View Real Time Build Order
Export as new Build Order

Ryung Terran 

Build Orders: Reaper Expand, MMM Bio 

Get SALT Encoding   

  12  0:00  SCV  
  13  0:12  SCV  
  14  0:17  Supply Depot  
  14  0:25  SCV  
  15  0:29  Refinery  
  15  0:38  SCV  
  16  0:43  Barracks  
  16  0:50  SCV  
  17  1:02  SCV  
  18  1:15  SCV  
  19  1:29  Orbital Command  
  19  1:30  Reaper  
  20  1:40  Command Center  
  20  1:51  Factory  
  20  1:55  SCV  
  21  2:07  SCV  
  21  2:08  Barracks Reactor  
  22  2:09  Supply Depot  
  22  2:19  SCV, Refinery  
  23  2:31  SCV  
  24  2:43  SCV  
  25  2:44  Starport  
  25  2:48  Hellion x2  
  29  2:53  Orbital Command  
  29  2:55  Marine, SCV  
  31  3:09  Widow Mine x2  
  31  3:10  SCV  
  36  3:18  SCV  
  37  3:20  Medivac  
  37  3:22  SCV  
  40  3:27  Barracks Tech Lab  
  40  3:31  SCV  
  41  3:34  Supply Depot  
  41  3:35  SCV  
  41  3:38  Hellion  
  41  3:39  Hellion  
  46  3:46  Stimpack  
  46  3:56  Viking, SCV x2  
  46  3:58  Marine  
  46  4:00  Supply Depot  
  51  4:08  SCV x2  
  53  4:16  Marine  
  54  4:21  Command Center  
  54  4:22  SCV x2  
  56  4:34  SCV x2, Factory Reactor  
  56  4:37  Barracks  
  58  4:42  Barracks  
  58  4:44  Marine  
  59  4:46  SCV x2  
  59  4:48  Engineering Bay  
  59  4:51  Engineering Bay  
  59  4:57  Supply Depot  
  59  4:58  SCV  
  59  4:59  SCV  
  59  5:02  Marine  
  60  5:10  SCV  
  60  5:11  SCV  
  60  5:16  Starport Reactor  
  58  5:22  SCV  
  58  5:23  Marine, SCV  
  58  5:24  Terran Infantry Armor Level 1, Terran Infantry Weapons Level 1, Factory Tech Lab  
  58  5:27  Refinery  
  57  5:28  Refinery  
  57  5:30  Supply Depot  
  57  5:33  Marine  
  57  5:34  Marine  
  57  5:35  SCV x2  
  60  5:38  Orbital Command  
  60  5:39  Barracks  
  60  5:41  Marine  
  60  5:42  Marine x2  
  64  5:47  Barracks  
  63  5:50  Combat Shields  
  63  5:51  SCV  
  63  5:52  SCV  
  67  5:59  Medivac x2  
  67  6:02  Marine x4  
  73  6:07  Siege Tank  
  73  6:10  SCV  
  73  6:11  Supply Depot  
  77  6:13  SCV  
  78  6:18  Orbital Command  
  78  6:22  SCV  
  78  6:23  Marine x5, Supply Depot  
  84  6:25  SCV  
  84  6:31  Armory  
  84  6:32  Barracks Reactor  
  85  6:34  SCV  
  85  6:37  SCV  
  85  6:38  Barracks Reactor  
  87  6:41  Marine, Siege Tank  
  87  6:45  SCV  
  87  6:46  SCV  
  92  6:50  SCV  
  92  6:57  SCV  
  92  6:58  Marine x3, SCV  
  92  6:59  Marine  
  98  7:03  SCV  
  103  7:09  SCV  
  103  7:10  SCV  
  103  7:14  Siege Tank  
  103  7:15  SCV  
  109  7:18  Supply Depot x3, Refinery  
  109  7:21  Terran Infantry Weapons Level 2, Terran Infantry Armor Level 2, SCV  
  106  7:23  Marine x4  
  108  7:30  Terran Vehicle Weapons Level 1  
  108  7:31  Supply Depot  
  108  7:39  Marine x4  
  108  7:42  Supply Depot  
  108  7:43  Medivac  
  114  7:47  SCV x3  
  114  7:48  Marine x4  
  114  7:49  Marauder  
  121  7:51  Refinery  
  118  7:58  Siege Tank  
  121  8:07  Marine x8  
  121  8:10  Marauder  
  131  8:13  Barracks  
  131  8:14  SCV  
  131  8:15  Barracks  
  131  8:16  Supply Depot  
  131  8:18  Supply Depot  
  130  8:20  Barracks  
  130  8:24  Supply Depot, Marine x2  
  127  8:27  Missile Turret  
  125  8:36  SCV  
  125  8:37  SCV x2  
  122  8:48  Siege Tank  
  122  8:49  SCV x2  
  122  8:50  Marine x4  
  122  8:51  Marine x4  
  122  8:53  SCV  
  133  8:57  Marine  
  134  9:08  Marine x4  
  136  9:13  Barracks Tech Lab x2  
  133  9:17  SCV x2  
  133  9:18  SCV, Medivac x2  
  133  9:21  Barracks Tech Lab  
  140  9:26  Marine x2  
  140  9:27  Marine x4  
  140  9:28  Barracks Reactor  
  140  9:30  SCV x2  
  140  9:31  SCV  
  149  9:33  Factory Reactor  
  149  9:35  Bunker  
  149  9:36  Missile Turret  
  149  9:37  Supply Depot  
  149  9:42  Marine x2  
  149  9:44  Marine x4  
  155  9:55  Terran Infantry Weapons Level 3, Terran Infantry Armor Level 3  
  155  9:57  Marine x5  
  159  10:00  Marine x2, Supply Depot  
  159  10:01  Marine  
  159  10:02  Supply Depot  
  156  10:10  Marine x4  
  156  10:11  Missile Turret  
  156  10:14  Marine x3  
  160  10:15  Marine x3  
  160  10:18  Marine x2  
  160  10:19  Marine  
  165  10:21  Medivac  
  165  10:22  Medivac  
  165  10:23  Supply Depot  
  165  10:28  Marine  
  170  10:32  Marine x2  
  155  10:40  Marine x10  
  135  10:46  Widow Mine  
  135  10:47  Widow Mine  
  135  10:48  Marine  
  140  10:50  Marine x2  
  140  10:53  Medivac x2  
  146  10:57  Marine  
  137  11:05  Marine x4  
  117  11:11  Marine x4  
  117  11:12  Marine x2  
  117  11:15  Widow Mine x2  
  121  11:19  Marine, Marauder x2  
  121  11:22  Marine x2  
  121  11:23  Marine, Medivac x2  
  133  11:26  Marine  
  133  11:29  Marine  
  133  11:30  Marauder  
  137  11:40  Marauder  
  137  11:44  Marine x6, Marauder  
  137  11:45  Marine x2  
  137  11:46  Marine  
  149  11:47  Marine  
  149  11:51  Marauder  
  152  12:01  Widow Mine x2, Medivac x2  
  152  12:03  Marine x6  
  152  12:04  Marine x2, Marauder  
  152  12:06  Marauder  
  169  12:27  Marine x2  
  169  12:28  Marine x2  
  170  12:35  Marine x4  
  170  12:36  Marine x2  
  170  12:40  Marine x3  
  170  12:45  Marine  
  146  13:00  Marine x4  
  146  13:02  Marine x2  
  146  13:03  Widow Mine  
  146  13:04  Widow Mine  
  145  13:06  Medivac  
  145  13:07  Medivac  
  145  13:09  Missile Turret x2  
  149  13:18  Marine x2  
  149  13:19  Orbital Command  
  150  13:30  Marine x6  
  153  13:39  Marine x6  
  153  13:40  Marine  

Tags
 
Add a new tag
Caveats
  • Supply blocks, unpowered buildings, or Contaminate may cause inaccurate times.
  • Supply counts are checked every 10 seconds.